[Event "*** Titled Tuesday Blitz"]
[Site "Chess.com"]
[Date "2019.07.02"]
[Round "6"]
[White "BlueWizzard"]
[Black "NM2019"]
[Result "1-0"]
[WhiteElo "2704"]
[BlackElo "2132"]
[TimeControl "180+2"]
[EndTime "14:20:09 PDT"]
[Termination "BlueWizzard won by resignation"]

1. d4 e6 2. Nf3 f5 3. Bg5 Be7 4. h4 b6 5. Nbd2 Bb7 6. c4 Nf6 7. Bxf6 Bxf6 8. e3 d6 9. Bd3 Nd7 10. d5 Nc5 11. Bc2 exd5 12. Bxf5 Bxb2 13. Rb1 Bf6 14. Qc2 g6 15. Bg4 Qe7 16. h5 g5 17.
O-O dxc4 18. Qxc4 Bc6 19. Nd4 Bd7 20. Qd5 Rb8 21. Bxd7+ Qxd7 22. f4 Bxd4 23. exd4 g4 24. dxc5 dxc5 25. Qe5+ Kf7 26. Ne4 Qd4+ 27. Kh2 Qxe5 28.
fxe5+ Ke6 29. Ng5+ Kd5 30. Rbd1+ Kc6 31. Rf6+ Kb5 32.
Rf7 Rbc8 33. e6 h6 34. Nh7 c4 35. e7 Rce8 36. Nf6 1-0

[Event "*** Titled Tuesday Blitz"]
[Site "Chess.com"]
[Date "2019.07.02"]
[Round "6"]
[White "TST2014"]
[Black "GMKrikor"]
[Result "1-0"]
[WhiteElo "2575"]
[BlackElo "2711"]
[TimeControl "180+2"]
[EndTime "14:20:10 PDT"]
[Termination "TST2014 won by resignation"]

1. d4 Nf6 2. c4 e6 3. Nf3 b6 4. a3 Ba6 5. Qc2 Bb7 6. Nc3 c5 7. dxc5 Bxc5 8. b4 Be7 9. e4 d6 10. Bd3 O-O 11. O-O Nbd7 12. Rd1 a6 13. h3 Qc7 14. Bf4 Rac8 15. Rac1 Rfd8 16. Qe2 Qb8 17. Be3 Qa8 18. Bd4 e5 19. Nd5 Nxd5 20. exd5 Nf6 21.
Bxb6 Re8 22. Bf5 g6 23. Bxc8 Rxc8 24. Nd2 Nd7 25. Be3 f5 26. f3 Bf6 27. Nb3 Re8 28.
Na5 e4 29. f4 Bc8 30. c5 1-0

[Event "*** Titled Tuesday Blitz"]
[Site "Chess.com"]
[Date "2019.07.02"]
[Round "6"]
[White "Maili15"]
[Black "ClockworkKubrick"]
[Result "1-0"]
[WhiteElo "2258"]
[BlackElo "2111"]
[TimeControl "180+2"]
[EndTime "14:20:16 PDT"]
[Termination "Maili15 won by resignation"]

1. d4 d6 2. c4 Nf6 3. Nc3 g6 4. e4 Bg7 5. f4 O-O 6. Nf3 Nbd7 7. Be2 e5 8. fxe5 dxe5 9. d5 c6 10. O-O cxd5 11. cxd5 Ne8 12. Kh1 Nd6 13. b3 Nc5 14. Ba3 b6 15. Rc1 f5 16. exf5 gxf5 17. Nb5 Ba6 18.
Bxc5 bxc5 19. Rxc5 Ne4 20. Rc6 Bb7 21. Qc2 Bxc6 22.
dxc6 Qb6 23. a4 Nf2+ 24. Rxf2 Qxf2 25. Bc4+ 1-0

[Event "*** Titled Tuesday Blitz"]
[Site "Chess.com"]
[Date "2019.07.02"]
[Round "6"]
[White "jk13"]
[Black "CookiesAndIceCream"]
[Result "1-0"]
[WhiteElo "2589"]
[BlackElo "2363"]
[TimeControl "180+2"]
[EndTime "14:20:18 PDT"]
[Termination "jk13 won by resignation"]

1. e4 e6 2. d4 d5 3. e5 c5 4. Nf3 Nc6 5. Bd3 cxd4 6. O-O Nge7 7. Bf4 Ng6 8. Bg3 Qb6 9. Nbd2 Be7 10. Nb3 Bd7 11. Re1 O-O 12. h4 f5 13. h5 Nh8 14.
Bf4 Nf7 15. a4 a5 16. Bb5 Rfd8 17. Nfxd4 Nxd4 18. Qxd4 Qxd4 19. Nxd4 Rac8 20. c3 Bg5 21. Bxd7 Rxd7 22. Nxe6 Bxf4 23. Nxf4 Re7 24. Nxd5 Re6 25.
f4 Rc4 26. b3 Rc5 27. c4 Nd8 28. Rad1 Nc6 29. Ne3 g6 30. h6 Nb4 31. Rd7 b6 32. Red1 1-0

[Event "*** Titled Tuesday Blitz"]
[Site "Chess.com"]
[Date "2019.07.02"]
[Round "6"]
[White "chessking2151"]
[Black "timator"]
[Result "1-0"]
[WhiteElo "2599"]
[BlackElo "2399"]
[TimeControl "180+2"]
[EndTime "14:20:20 PDT"]
[Termination "chessking2151 won by resignation"]

1. e4 c5 2. Nf3 d6 3. d4 cxd4 4. Nxd4 Nf6 5. Nc3 a6 6. Be3 e5 7. Nb3 Be6 8. f3 Nbd7 9. g4 h6 10. Qd2 Be7 11. O-O-O b5 12. Kb1 Rc8 13. g5 hxg5 14.
Bxg5 Qc7 15. f4 b4 16. Nd5 Bxd5 17. exd5 Ne4 18. Qg2 Bxg5 19. fxg5 Nec5 20. g6 f5 21. Bd3 Nxd3 22. cxd3 Qb7 23. Na5 Qb6 24. Nc4 Qc5 25. Rc1 O-O 26. Nxe5 Qa7 27. Nxd7 Qxd7 28. Qh3 Rxc1+ 29.
Rxc1 1-0

[Event "*** Titled Tuesday Blitz"]
[Site "Chess.com"]
[Date "2019.07.02"]
[Round "6"]
[White "ethylalcohol"]
[Black "bluejay1897"]
[Result "1/2-1/2"]
[WhiteElo "2092"]
[BlackElo "2238"]
[TimeControl "180+2"]
[EndTime "14:20:23 PDT"]
[Termination "Game drawn by repetition"]

1. d4 Nf6 2. Nf3 e6 3. Bf4 c5 4. c3 Be7 5. e3 O-O 6. Bd3 b6 7. h3 Bb7 8. Nbd2 d6 9. O-O Nbd7 10.
Nc4 Qc7 11. a4 a6 12. Qe2 b5 13. axb5 axb5 14. Na3 c4 15. Nxb5 cxd3 16. Qxd3 Qb6 17. c4 Bxf3 18. gxf3 e5 19. Bg5 Qc6 20. Kg2 h6 21. Bh4 e4 22. fxe4 g5 23. d5 Qb6 24.
Bg3 Nc5 25. Qd4 Qb7 26. Nxd6 Bxd6 27. Bxd6 Ncxe4 28. Bxf8 Rxf8 29. Ra7 Qb3 30. f3 Qc2+ 31. Kg1 Ng3 32. Qxf6 Ne2+ 33. Kh1 Ng3+ 34. Kg1 Ne2+ 35. Kh1 Ng3+ 36. Kg1 1/2-1/2

[Event "*** Titled Tuesday Blitz"]
[Site "Chess.com"]
[Date "2019.07.02"]
[Round "6"]
[White "CalinGheorghiu"]
[Black "Eliwood44"]
[Result "1-0"]
[WhiteElo "2293"]
[BlackElo "2331"]
[TimeControl "180+2"]
[EndTime "14:20:27 PDT"]
[Termination "CalinGheorghiu won by resignation"]

1. d4 d5 2. c4 e6 3. Nc3 Nf6 4. cxd5 exd5 5. Bg5 Nbd7 6. e3 c6 7. Bd3 Be7 8. h3 O-O 9. Nf3 Re8 10. Qc2 Nf8 11.
O-O g6 12. Bh6 Ne6 13. Ne5 Ng7 14. g4 Nd7 15. f4 f6 16. Bxg6 fxe5 17. fxe5 Nf8 18.
Rxf8+ Rxf8 19. Bxh7+ Kh8 20. Qg6 Bf6 21. g5 Bf5 22. exf6 Bxg6 23. fxg7+ Kxh7 24. gxf8=Q Qxf8 25. Bxf8 Rxf8 26. Rf1 Re8 27. Kf2 Rf8+ 28. Kg2 Re8 29. Rf3 b5 30. Kg3 Bh5 31. Rf6 Rxe3+ 32. Kf4 Rxh3 33.
Rxc6 Rh2 34. Nxd5 Rxb2 35. Rh6+ Kg7 36. Rxh5 Rxa2 37. Nf6 Rf2+ 38. Ke3 b4 1-0

[Event "*** Titled Tuesday Blitz"]
[Site "Chess.com"]
[Date "2019.07.02"]
[Round "6"]
[White "KhazarBabazada"]
[Black "maximnovik"]
[Result "0-1"]
[WhiteElo "2640"]
[BlackElo "2476"]
[TimeControl "180+2"]
[EndTime "14:20:33 PDT"]
[Termination "maximnovik won by resignation"]

1. e4 c5 2. Nf3 e6 3. d4 cxd4 4.
Nxd4 a6 5. Bd3 Nf6 6. O-O Qc7 7. Qe2 d6 8. c4 g6 9. b3 Bg7 10. Bb2 Nbd7 11. Nc3 O-O 12. Rad1 b6 13. Kh1 Bb7 14.
f4 Rfe8 15. Bb1 Rac8 16. Nf3 Nh5 17. Ng5 b5 18. e5 dxe5 19. Nce4 Nxf4 20. Rxf4 exf4 21.
Bxg7 Kxg7 22. Nd6 Re7 23. Ndxf7 e5 24. Nd6 Rf8 25. Nxh7 f3 26. Qd3 fxg2+ 27. Kg1 Qc5+ 0-1

[Event "*** Titled Tuesday Blitz"]
[Site "Chess.com"]
[Date "2019.07.02"]
[Round "6"]
[White "rasmussvane"]
[Black "ram1zan"]
[Result "1-0"]
[WhiteElo "2895"]
[BlackElo "2780"]
[TimeControl "180+2"]
[EndTime "14:20:38 PDT"]
[Termination "rasmussvane won by resignation"]

1. Nf3 d5 2. g3 Nf6 3. Bg2 Bf5 4.
O-O e6 5. c4 c6 6. cxd5 cxd5 7.
Qb3 Qb6 8. Qxb6 axb6 9. Nc3 Nc6 10. d3 Bc5 11. Nh4 Bg4 12. h3 Bh5 13. g4 Bg6 14.
Bd2 Ke7 15. Kh1 h5 16. g5 Ng4 17. Nxg6+ fxg6 18. hxg4 hxg4+ 19. Kg1 g3 20. e3 gxf2+ 21.
Rxf2 d4 22. Nd1 Ne5 23. exd4 Bxd4 24. Be3 Rad8 25. Be4 Rh3 26. Bxd4 Rxd4 27. Nc3 Nxd3 28. Bxd3 Rhxd3 29. Rg2 Rd2 30. Re1 Rxg2+ 31. Kxg2 Rg4+ 32. Kf3 Rxg5 33. Re4 Rf5+ 34. Ke3 Rh5 35. Rb4 Rh3+ 36. Kf2 1-0

[Event "*** Titled Tuesday Blitz"]
[Site "Chess.com"]
[Date "2019.07.02"]
[Round "6"]
[White "Squirlolz"]
[Black "KamilPlichta"]
[Result "0-1"]
[WhiteElo "2506"]
[BlackElo "2789"]
[TimeControl "180+2"]
[EndTime "14:20:40 PDT"]
[Termination "KamilPlichta won by resignation"]

1. e4 Nf6 2. e5 Nd5 3. d4 Nb6 4. a4 a5 5. Nf3 d5 6. exd6 exd6 7. h3 Be7 8. Bd3 O-O 9. O-O Nc6 10. c3 Bf6 11. Nbd2 d5 12. Re1 Re8 13. Nf1 Ne7 14.
Bf4 c6 15. Qc2 g6 16. Ng3 Nc4 17. Re2 Be6 18. Rae1 Nd6 19. Ne5 Ndf5 20. Nxf5 Bxf5 21. g4 Bxd3 22. Qxd3 Nc8 23. Nxf7 Rxe2 24. Nh6+ Kg7 25. Qxe2 Bg5 26. Qe5+ Kxh6 27. Bxg5+ Qxg5 28. Qh8 Nb6 29. Re8 Rxe8 30. Qxe8 Qf4 31. Qd8 Nc4 32. g5+ Qxg5+ 0-1

[Event "*** Titled Tuesday Blitz"]
[Site "Chess.com"]
[Date "2019.07.02"]
[Round "6"]
[White "Palacios-LLera"]
[Black "KL31"]
[Result "1-0"]
[WhiteElo "2412"]
[BlackElo "2253"]
[TimeControl "180+2"]
[EndTime "14:20:40 PDT"]
[Termination "Palacios-LLera won by resignation"]

1. d4 Nf6 2. Nf3 e6 3. c4 b6 4. a3 d5 5. cxd5 Nxd5 6. e4 Nf6 7. Nc3 Bb7 8. Qc2 c5 9. Bb5+ Nbd7 10. d5 exd5 11. exd5 Bd6 12. O-O O-O 13. Bg5 h6 14. Bh4 Qc7 15. Rad1 a6 16. Bd3 Rfe8 17.
a4 Ng4 18. Bg3 Bxg3 19. hxg3 Nde5 20. d6 Qd8 21. Nxe5 Rxe5 22. Bh7+ Kh8 23. Bf5 Qg5 24.
d7 Rd8 25. Rfe1 Rxf5 26. Re8+ Kh7 27. Rxd8 Qh5 28. Qxf5+ Qxf5 29. Rh8+ Kxh8 30. d8=Q+ Kh7 31. Qd3 Qxd3 32. Rxd3 1-0

[Event "*** Titled Tuesday Blitz"]
[Site "Chess.com"]
[Date "2019.07.02"]
[Round "6"]
[White "IveBeenThroughPain"]
[Black "sandager"]
[Result "1-0"]
[WhiteElo "2288"]
[BlackElo "2127"]
[TimeControl "180+2"]
[EndTime "14:20:40 PDT"]
[Termination "IveBeenThroughPain won by resignation"]

1. d4 Nf6 2. c4 g6 3. Nc3 d5 4. cxd5 Nxd5 5. g3 Bg7 6. Bg2 Nb6 7. Nf3 O-O 8. O-O e6 9. b3 c5 10. e3 Nc6 11. Ne2 e5 12. Bb2 exd4 13. exd4 Bg4 14. Rc1 Bxf3 15. Bxf3 Nxd4 16. Nxd4 cxd4 17. Bxb7 Rb8 18.
Bg2 Qd6 19. Qd3 Rfd8 20. Rfd1 h6 21. Rc6 Qd7 22. Rdc1 Rbc8 23. Rxc8 Nxc8 24. Ba3 Nd6 25. Bc5 Nf5 26. Bh3 Qd5 27. Bxf5 gxf5 28. Bxa7 Qa5 29.
Bc5 Qxa2 30. b4 Qd5 31. h3 Rc8 32. Rd1 Qe4 33. Rd2 Ra8 34. Qxe4 fxe4 35. Bxd4 Ra1+ 36. Bxa1 1-0

[Event "*** Titled Tuesday Blitz"]
[Site "Chess.com"]
[Date "2019.07.02"]
[Round "6"]
[White "G_Threepwood"]
[Black "Semen_Khanin"]
[Result "0-1"]
[WhiteElo "2481"]
[BlackElo "2710"]
[TimeControl "180+2"]
[EndTime "14:20:49 PDT"]
[Termination "Semen_Khanin won by resignation"]

1. e4 c5 2. Nc3 Nc6 3. Nf3 g6 4. d4 cxd4 5. Nxd4 Bg7 6. Be3 Nf6 7. Bc4 O-O 8. Bb3 Re8 9. h4 d5 10. exd5 Na5 11. h5 Nxb3 12. axb3 Nxd5 13. hxg6 hxg6 14. Bh6 e5 15. Nde2 Nxc3 16. Qxd8 Rxd8 17. Bxg7 Kxg7 18. bxc3 Bf5 19. Ra2 a5 20. Ng3 Be6 21. Ke2 b5 22. Rha1 a4 23. Ra3 axb3 24. cxb3 Rac8 25. b4 Bc4+ 26. Ke1 f5 27. Rd1 Rxd1+ 28. Kxd1 Rd8+ 29. Ke1 Rh8 30. f3 Rd8 31. Ne2 Kf6 32. g3 Rd3 33. Ra6+ Kg7 34. Ng1 Rxc3 35. Kf2 Rb3 36. f4 e4 37. Nh3 e3+ 38. Kf3 e2+ 39. Kf2 Rb1 40. Ra7+ Kf8 0-1

[Event "*** Titled Tuesday Blitz"]
[Site "Chess.com"]
[Date "2019.07.02"]
[Round "6"]
[White "INLOVEWITHF"]
[Black "KarstenHansch"]
[Result "1-0"]
[WhiteElo "2385"]
[BlackElo "2409"]
[TimeControl "180+2"]
[EndTime "14:20:53 PDT"]
[Termination "INLOVEWITHF won by resignation"]

1. e4 c6 2. d4 d5 3. e5 Bf5 4. h4 h5 5. Bd3 Bxd3 6. Qxd3 Qa5+ 7. Nd2 Qa6 8. e6 Qxd3 9. exf7+ Kxf7 10. cxd3 Nd7 11.
Ndf3 Re8 12. Ng5+ Kf6 13. f4 e6 14. N1f3 Nh6 15. Ne5 Nxe5 16. fxe5+ Ke7 17. O-O Nf5 18. Bd2 Kd7 19. Nf3 Be7 20. Bg5 Bxg5 21. hxg5 h4 22.
Kh2 Rh5 23. Kh3 g6 24. Rae1 Rf8 25. Kg4 Rh7 26. Rh1 Rfh8 27. Rh3 b6 28. b4 Rh5 29. Rhh1 Rc8 30. Nxh4 Rch8 31. g3 Nxd4 32. Rhf1 Nf5 33. Nxg6 Rg8 34. Kxh5 Nxg3+ 35. Kh6 Nf5+ 36. Rxf5 exf5 37.
e6+ 1-0

[Event "*** Titled Tuesday Blitz"]
[Site "Chess.com"]
[Date "2019.07.02"]
[Round "6"]
[White "wonderfultime"]
[Black "SoltaniciR"]
[Result "1-0"]
[WhiteElo "2905"]
[BlackElo "2574"]
[TimeControl "180+2"]
[EndTime "14:20:59 PDT"]
[Termination "wonderfultime won by resignation"]

1. d4 Nf6 2. Nf3 e6 3. Bf4 d5 4. e3 c5 5. c3 Bd6 6. Bg3 Qc7 7. dxc5 Qxc5 8. Nbd2 Nbd7 9. Bd3 O-O 10. O-O Bxg3 11. hxg3 Qc7 12. c4 Nc5 13. Be2 dxc4 14. Nxc4 b6 15. Rc1 Bb7 16. b4 Nce4 17. Na5 Qe7 18. Nxb7 Qxb7 19. Qa4 a5 20. Bb5 axb4 21. Qxb4 Rfc8 22.
Ne5 Nc5 23. a4 Nd5 24. Qb1 f6 25. Nc4 Nxa4 26. Bxa4 Rxa4 27. Nd6 Rxc1 28. Rxc1 Qd7 29.
Rc8+ Qxc8 30. Nxc8 Rb4 31. Qc2 1-0

[Event "*** Titled Tuesday Blitz"]
[Site "Chess.com"]
[Date "2019.07.02"]
[Round "6"]
[White "Zarikovs1999"]
[Black "VFernandezB"]
[Result "0-1"]
[WhiteElo "2519"]
[BlackElo "2360"]
[TimeControl "180+2"]
[EndTime "14:20:59 PDT"]
[Termination "VFernandezB won by resignation"]

1. Nf3 Nf6 2. c4 g6 3. g3 d5 4.
Bg2 Bg7 5. cxd5 Nxd5 6. O-O O-O 7. Nc3 Nb6 8. e4 Nc6 9. d4 Nxd4 10. Nxd4 Qxd4 11.
Qe2 Qc4 12. Qf3 c6 13. Bg5 e5 14. Rad1 Be6 15. b3 Qb4 16. Ne2 a5 17. Bf6 a4 18.
Bxg7 Kxg7 19. bxa4 Nxa4 20. Rb1 Qc4 21. Rxb7 Nc5 22.
Rc7 Rxa2 23. Rxc6 Rxe2 24. Rxc5 Qxc5 25. Qxe2 Bc4 26. Qc2 Rc8 27. Rc1 Qd4 28. Rd1 Qb6 29. Rb1 Qa6 30. Qc3 Qe6 31. Rc1 Ba6 32. Qd2 Rxc1+ 33.
Qxc1 Qd6 34. h4 h5 35. Qe3 Qd4 36. Qxd4 exd4 37. Bf1 d3 38. Bg2 Bc4 39. Bf3 Bb3 40. Bd1 Bxd1 0-1

[Event "*** Titled Tuesday Blitz"]
[Site "Chess.com"]
[Date "2019.07.02"]
[Round "6"]
[White "larso"]
[Black "IMAghasiyevKamal"]
[Result "1-0"]
[WhiteElo "2789"]
[BlackElo "2532"]
[TimeControl "180+2"]
[EndTime "14:21:00 PDT"]
[Termination "larso won by resignation"]

1. e4 e5 2. Nc3 Nf6 3. Bc4 Nxe4 4. Qh5 Nd6 5. Bb3 Nc6 6. Nb5 g6 7. Qf3 f5 8. Qd5 Qf6 9. Nxc7+ Kd8 10. Nxa8 b6 11. h4 Bb7 12. d3 h6 13. Qf3 Nd4 14.
Qh3 Bxa8 15. Be3 Ne6 16. O-O-O Bg7 17. c3 Nc5 18. Bc2 Qf7 19. Kb1 Bd5 20. c4 Bc6 21.
Ne2 Re8 22. Rhe1 f4 23. Bxc5 bxc5 24. Nc3 Kc7 25. Ba4 Rb8 26. Bxc6 dxc6 27. Ne4 Nf5 28. g4 Nd4 29. f3 Qe7 30. Rd2 a5 31. h5 g5 32. Qg2 a4 33. Nc3 a3 34. b3 Nxb3 35. axb3 Rxb3+ 36. Kc2 Rxc3+ 37. Kxc3 e4+ 38. Kb3 Kd6 39.
Rxe4 Qb7+ 40. Ka2 Qb4 41. Qe2 Qc3 42. Qd1 Kc7 43. Qe1 Kb6 44. Qb1+ Kc7 45. Re7+ Kd6 46. Rde2 1-0

[Event "*** Titled Tuesday Blitz"]
[Site "Chess.com"]
[Date "2019.07.02"]
[Round "6"]
[White "johnathan113"]
[Black "AryanTari"]
[Result "1-0"]
[WhiteElo "2697"]
[BlackElo "2806"]
[TimeControl "180+2"]
[EndTime "14:21:02 PDT"]
[Termination "johnathan113 won by resignation"]

1. c4 e5 2. g3 Nf6 3. Bg2 c6 4. d4 exd4 5. Qxd4 d5 6. Nc3 Be6 7. cxd5 cxd5 8. Nf3 Nc6 9. Qd1 d4 10. Nb1 Be7 11. O-O O-O 12. Nbd2 Qb6 13. Ng5 Bf5 14.
Nc4 Qa6 15. b3 Rad8 16. Bb2 Nb4 17. a3 Nc2 18. Rc1 b5 19. Ne5 Nd5 20. Ngxf7 Nc3 21. Bxc3 dxc3 22. Nxd8 Rxd8 23. Bd5+ Kf8 24. Rxc2 Bxc2 25.
Qxc2 Rxd5 26. Qf5+ Qf6 27. Nd7+ Rxd7 28. Qxd7 Bxa3 29.
Qxb5 Qd4 30. e3 Qd6 31. Qf5+ Ke7 32. Qxh7 Qe5 33. Qd3 Bb2 34. Qc2 Ke6 35. Rd1 Qf5 36. Rd6+ 1-0

[Event "*** Titled Tuesday Blitz"]
[Site "Chess.com"]
[Date "2019.07.02"]
[Round "6"]
[White "Spring199"]
[Black "WilliamSchill"]
[Result "1-0"]
[WhiteElo "2193"]
[BlackElo "1960"]
[TimeControl "180+2"]
[EndTime "14:21:03 PDT"]
[Termination "Spring199 won on time"]

1. d4 Nf6 2. c4 g6 3. Nc3 Bg7 4. e4 d6 5. Nge2 O-O 6. Ng3 e5 7. d5 Ng4 8. Be2 Qh4 9. h3 Nxf2 10.
Kxf2 f5 11. exf5 gxf5 12. Rf1 f4 13. Kg1 fxg3 14. Rxf8+ Bxf8 15. Bf3 Nd7 16. Qd2 Nf6 17. Qg5+ Qxg5 18. Bxg5 Ne8 19. Rf1 Ng7 20. Ne4 Bf5 21.
Nxg3 Bd3 22. Rd1 Bxc4 23. Rc1 Bxa2 24. Rxc7 b5 25. Ne4 Kh8 26. Nf6 a5 27. Be4 b4 28.
Nxh7 a4 29. Bf6 1-0

[Event "*** Titled Tuesday Blitz"]
[Site "Chess.com"]
[Date "2019.07.02"]
[Round "6"]
[White "x-3738459472"]
[Black "witcher8"]
[Result "0-1"]
[WhiteElo "2594"]
[BlackElo "2442"]
[TimeControl "180+2"]
[EndTime "14:21:05 PDT"]
[Termination "witcher8 won by resignation"]

1. e4 c6 2. Nc3 d5 3. Nf3 Bg4 4. h3 Bh5 5. g4 Bg6 6. exd5 cxd5 7.
Ne5 Nc6 8. d4 e6 9. h4 f6 10. h5 Bf7 11. Nxf7 Kxf7 12. Ne2 Bd6 13. Bg2 Nge7 14. c3 b5 15. Be3 b4 16. O-O bxc3 17.
bxc3 Na5 18. Nf4 Nc4 19. Qf3 g5 20. Nd3 h6 21. Rae1 Re8 22. Bc1 Nc6 23. Qe2 Bc7 24.
f4 Qd6 25. Ne5+ Kg7 26. Nxc4 dxc4 27. Qxc4 Na5 28. Qd3 f5 29. gxf5 exf5 30. Qxf5 Rxe1 31. Rxe1 Rf8 32. Qxa5 Bxa5 33. fxg5 hxg5 34. Bxg5 Bxc3 35. h6+ Kh8 36. Kh1 Bxe1 0-1

[Event "*** Titled Tuesday Blitz"]
[Site "Chess.com"]
[Date "2019.07.02"]
[Round "6"]
[White "Genghis_K"]
[Black "VerdeNotte"]
[Result "1-0"]
[WhiteElo "2836"]
[BlackElo "2835"]
[TimeControl "180+2"]
[EndTime "14:21:06 PDT"]
[Termination "Genghis_K won by resignation"]

1. e4 e5 2. Nf3 Nc6 3. Bb5 a6 4.
Ba4 Nf6 5. O-O Bc5 6. Bxc6 dxc6 7.
d3 Qe7 8. Nbd2 O-O 9. Nc4 Bg4 10. Ncxe5 Bh5 11. Bg5 h6 12. Bxf6 gxf6 13. Nc4 Kh7 14. Re1 f5 15. exf5 Qf6 16. d4 Rad8 17. c3 Qxf5 18. Re5 Bxf3 19. Rxf5 Bxd1 20. Rxd1 Bd6 21. Re1 Kg7 22. Re4 Rfe8 23. Rxe8 Rxe8 24. Ne3 b6 25. Kf1 c5 26. Ke2 cxd4 27. cxd4 Kg6 28.
Rd5 f5 29. Kf3 Bxh2 30. g3 f4 31. gxf4 Rf8 32. Ng2 h5 33. Rg5+ Kh6 34. Re5 h4 35.
Kg4 h3 36. Rh5+ Kg6 37. Rxh3 Bg1 38. Kf3 Rd8 39. Rh1 Bxf2 40. Kxf2 Rxd4 41. Ke3 Rb4 42. Nh4+ Kf6 43. Rh2 a5 44. Nf3 Kf5 45. Nd4+ Kf6 46. b3 a4 47. Rh6+ Kg7 48. Rc6 Kf7 49. Rxc7+ Ke8 50.
Rc4 1-0

[Event "*** Titled Tuesday Blitz"]
[Site "Chess.com"]
[Date "2019.07.02"]
[Round "6"]
[White "Artur0208"]
[Black "PotapovaM"]
[Result "1-0"]
[WhiteElo "2753"]
[BlackElo "2509"]
[TimeControl "180+2"]
[EndTime "14:21:07 PDT"]
[Termination "Artur0208 won by resignation"]

1. c4 Nf6 2. Nc3 e6 3. d4 Bb4 4. e3 O-O 5. Bd3 d5 6. Ne2 dxc4 7. Bxc4 c5 8. O-O Nc6 9. a3 Bxc3 10. bxc3 b6 11.
a4 Na5 12. Bd3 Bb7 13. Ba3 Qd5 14. Nf4 Qg5 15. Rb1 Be4 16. Rb5 Bc6 17. Rb1 Nd5 18. Nxd5 Bxd5 19. e4 Bc4 20. f4 Qh4 21. f5 e5 22. Rf3 exd4 23. cxd4 Rad8 24. d5 Qf6 25. Bb2 Qd6 26. f6 g6 27. Bc3 Bxd3 28. Qxd3 c4 29. Qd4 Nb3 30. Qxc4 Nc5 31. Re1 Rfe8 32. a5 Nd7 33.
axb6 axb6 34. Qd4 Qc5 35. e5 b5 36. e6 Qxd4+ 37. Bxd4 Nb8 38. Bc5 Rxd5 39. exf7+ Kxf7 40.
Rxe8 Kxe8 41. f7+ 1-0

[Event "*** Titled Tuesday Blitz"]
[Site "Chess.com"]
[Date "2019.07.02"]
[Round "6"]
[White "bubacik"]
[Black "Vamostodorecto"]
[Result "1-0"]
[WhiteElo "2675"]
[BlackElo "2404"]
[TimeControl "180+2"]
[EndTime "14:21:13 PDT"]
[Termination "bubacik won by checkmate"]

1. e4 e5 2. Nf3 Nc6 3. Bb5 a6 4. Ba4 Nf6 5. O-O b5 6. Bb3 Bb7 7. Re1 Bc5 8. c3 d6 9. d4 Bb6 10. a4 h6 11. h3 O-O 12. Na3 exd4 13. cxd4 Na5 14. Bc2 b4 15. Nb1 Re8 16. Nbd2 c5 17. e5 dxe5 18. dxe5 Nd5 19. Ne4 c4 20. Nd6 Bc6 21.
Nxe8 Qxe8 22. Nd4 Bb7 23. Bxh6 Bxd4 24. Qxd4 gxh6 25. e6 fxe6 26. Qg4+ Kh8 27. Rxe6 Qf8 28. Rae1 Nf4 29. Re7 Qg8 30. Rh7+ Qxh7 31. Bxh7 Nxg2 32. Re7 Nh4 33. Qg7# 1-0

[Event "*** Titled Tuesday Blitz"]
[Site "Chess.com"]
[Date "2019.07.02"]
[Round "6"]
[White "pulvettd"]
[Black "Aleksandr_Kholin"]
[Result "0-1"]
[WhiteElo "2511"]
[BlackElo "2394"]
[TimeControl "180+2"]
[EndTime "14:21:16 PDT"]
[Termination "Aleksandr_Kholin won by checkmate"]

1. d4 f5 2. g3 g6 3. Bg2 Bg7 4. c3 Nf6 5. h4 d6 6. Qb3 e6 7. Nh3 Nc6 8. Nf4 Qe7 9. h5 e5 10. h6 Bf8 11. Nd5 Nxd5 12. Bxd5 Nd8 13. dxe5 dxe5 14. Na3 c6 15. Bg2 Be6 16. Qa4 Qc7 17. Be3 Be7 18. O-O-O Nf7 19. Kb1 O-O 20. f4 Rfe8 21. g4 b5 22. Qa6 Bxa3 23. Qxa3 exf4 24. Bd4 fxg4 25. Qc5 Rad8 26. Bxc6 Bd7 27. Bd5 Qxc5 28.
Bxc5 Bf5+ 29. Kc1 Rxd5 30. Rxd5 Be4 31. Rhd1 Bxd5 32. Rxd5 Rxe2 33. Rd7 g3 34. Rxa7 Re8 35. Rd7 f3 36. Rd3 f2 37. Bxf2 gxf2 38. Rf3 Re1+ 39.
Kd2 f1=Q 40. Rxf1 Rxf1 41. c4 bxc4 42. a4 Nxh6 43. a5 Ra1 44. Kc3 Rxa5 45. Kxc4 Ra2 46. b4 Rb2 47. b5 Rxb5 48. Kxb5 Nf5 49. Kc5 Kg7 50. Kd5 Kf6 51. Ke4 h5 52. Kf4 g5+ 53. Kf3 Ke5 54. Kg2 Kf4 55. Kh2 h4 56. Kg2 g4 57.
Kh2 Ne3 58. Kg1 Kf3 59. Kh1 g3 60. Kg1 g2 61. Kh2 Kf2 62. Kh3 g1=Q 63. Kxh4 Qg4# 0-1

[Event "*** Titled Tuesday Blitz"]
[Site "Chess.com"]
[Date "2019.07.02"]
[Round "6"]
[White "playerorkinyo"]
[Black "mbojan"]
[Result "1/2-1/2"]
[WhiteElo "2422"]
[BlackElo "2595"]
[TimeControl "180+2"]
[EndTime "14:21:20 PDT"]
[Termination "Game drawn by agreement"]

1. c4 g6 2. h4 Nf6 3. Nc3 d6 4. d4 Nbd7 5. h5 Nxh5 6. Rxh5 gxh5 7. e4 e5 8. Nf3 Bg7 9. d5 Nf6 10. Be2 Bg4 11. Be3 b6 12. g3 Qd7 13. b4 O-O 14. Nh4 Bxe2 15. Qxe2 Qg4 16. Qd3 a5 17. b5 Qh3 18. O-O-O Ng4 19. Nf5 Kh8 20. f3 Nxe3 21. Qxe3 Rg8 22. Ne2 Bf6 23. Qf2 h4 24. g4 h5 25. Ng1 Qh1 26. Ne2 Qh3 27. Ng1 1/2-1/2

[Event "*** Titled Tuesday Blitz"]
[Site "Chess.com"]
[Date "2019.07.02"]
[Round "6"]
[White "Orest_Vovk"]
[Black "OglazaOskar2005"]
[Result "1-0"]
[WhiteElo "2338"]
[BlackElo "2261"]
[TimeControl "180+2"]
[EndTime "14:21:24 PDT"]
[Termination "Orest_Vovk won by checkmate"]

1. h4 e5 2. h5 d5 3. h6 Nxh6 4. d4 e4 5. Bxh6 gxh6 6. e3 Bg7 7. c4 O-O 8. Nc3 c6 9. Qb3 dxc4 10. Bxc4 b5 11.
Be2 Be6 12. Qc2 f5 13. Nh3 Nd7 14. Nf4 Bf7 15. Bh5 Qa5 16. Bxf7+ Rxf7 17. Qb3 Nb6 18. Qe6 b4 19. Nce2 c5 20. b3 Rd8 21. Nh5 Bf8 22. Nf6+ Kg7 23. Nf4 Be7 24. Rxh6 Bxf6 25. Rxh7+ Kxh7 26. Qxf7+ Bg7 27. O-O-O Qa3+ 28. Kb1 Rd6 29. Rh1+ Rh6 30. Rxh6+ Kxh6 31. Qg6# 1-0

[Event "*** Titled Tuesday Blitz"]
[Site "Chess.com"]
[Date "2019.07.02"]
[Round "6"]
[White "731291"]
[Black "sergeikim"]
[Result "1-0"]
[WhiteElo "2669"]
[BlackElo "2479"]
[TimeControl "180+2"]
[EndTime "14:21:26 PDT"]
[Termination "731291 won by resignation"]

1. e4 e5 2. Nf3 Nc6 3. Bb5 a6 4. Ba4 Nf6 5. O-O Be7 6. d3 b5 7. Bb3 O-O 8. a3 d6 9. Nc3 Be6 10. Nd5 Nd7 11. c3 Bf6 12. Ba2 Ne7 13. Nxf6+ Nxf6 14.
Bxe6 fxe6 15. a4 h6 16. axb5 axb5 17. Rxa8 Qxa8 18. Qb3 Qc8 19. Qxb5 Ng6 20. Be3 Nh5 21. Nd2 Nhf4 22. g3 Nh5 23. d4 Qd8 24. dxe5 Nxe5 25. f4 Ng4 26. Qxh5 Nxe3 27. Re1 Nc2 28. Rc1 Qb8 29. Rxc2 Qb6+ 30. Kg2 Ra8 31. Qg6 Ra1 32.
Qxe6+ Kh8 33. Nf3 Qe3 34. Qc8+ Kh7 35. Qf5+ Kh8 36. e5 dxe5 37. Qc8+ Kh7 38. Qf5+ Kh8 39. Qxe5 Qd3 40. Qe2 Qd5 41. Rd2 Qb7 42. Qe8+ Kh7 43. Re2 Rb1 44. b4 Rb3 45. Qe4+ Qxe4 46. Rxe4 Rxc3 47. Ne5 c5 48. bxc5 Rxc5 49. h4 h5 50.
Nf3 Rc2+ 51. Kh3 Rc3 52. Ng5+ Kg6 53. Re6+ Kf5 54. Re5+ Kg6 55. Ne4 Ra3 56. Rg5+ Kh6 57. Nd6 g6 58. f5 1-0

[Event "*** Titled Tuesday Blitz"]
[Site "Chess.com"]
[Date "2019.07.02"]
[Round "6"]
[White "tigra"]
[Black "Muisback26"]
[Result "0-1"]
[WhiteElo "2758"]
[BlackElo "2950"]
[TimeControl "180+2"]
[EndTime "14:21:28 PDT"]
[Termination "Muisback26 won on time"]

1. d4 d5 2. Nc3 Nf6 3. Bg5 Bf5 4. f3 Bg6 5. Nh3 Nbd7 6. Nf4 c6 7. Qd2 b5 8. a3 a5 9. e3 e5 10. dxe5 Nxe5 11.
Ncxd5 Bd6 12. Nxf6+ gxf6 13. Bh4 Qe7 14. O-O-O Bc5 15. Bxb5 O-O 16. Qc3 Bb4 17. axb4 axb4 18. Qb3 cxb5 19. Nd5 Qc5 20. Kd2 Rfd8 21. e4 Bxe4 22.
fxe4 Qd4+ 23. Ke2 Qxe4+ 24. Qe3 Qxc2+ 25. Ke1 Rxd5 0-1